AoeStats
← Resse

Arabia

509995758Analyzed
1v1 RM · 5d ago on Sep 29, 2026· 32m 6s· 2 players
Game mode
Random Map
Map size
Tiny (2 player)
Population
200
Speed
Normal
Resources
Standard
Victory
Conquest
Starting age
Dark Age
Ending age
Imperial Age
RankedLock teamsTeams togetherTeam positionsShared explorationLock speedFull tech treeHidden civsTurbo modeCheats
Victory
Defeat
🇨🇿 Goths · Czechia
1027
+17
🇧🇷 Bulgarians · Brazil
1059
-17
Resse
7:01 Loom
10:22 Feudal Age
10:28 Man-at-Arms
14:08 Double-Bit Axe
25:08 Castle Age
23:38 Gold Mining
23:30 Horse Collar
23:53 Padded Archer Armor
23:44 Fletching
24:05 Forging
25:06 Scale Mail Armor
25:23 Elite Skirmisher
25:25 Long Swordsman
26:05 Squires
26:10 Heavy Plow
26:54 Leather Archer Armor
28:11 Bodkin Arrow
31:56 Pikeman
Capybara-Master
8:11 Loom
10:25 Feudal Age
18:26 Scale Mail Armor
21:33 Fletching
21:44 Padded Archer Armor
24:48 Horse Collar
25:10 Double-Bit Axe
28:21 Castle Age
26:35 Forging
28:45 Bloodlines
29:05 Husbandry
30:39 Guard Tower
Connection lost

Rejoining the realm…

Still unreachable

The connection could not be restored.

Session expired

The server has moved on; the page needs a fresh start.